 Dungeon Crawl Stone Soup version 0.31.0-11-ge490571c62 (webtiles) character file.

Game seed: 12190254099315908202

33912 hikkokomori the Thaumaturge (level 13, -11/78 HPs)
             Began as a Deep Elf Earth Elementalist on Feb 3, 2024.
             Was a High Priest of Vehumet.
             Shot with an arrow by a centaur warrior (16 damage)
             ... on level 9 of the Dungeon.
             The game lasted 00:45:29 (17718 turns).

hikkokomori the Thaumaturge (DEEE)                 Turns: 17718, Time: 00:45:30

Health: -11/78     AC:  7    Str:  5    XL:     13   Next: 39%
Magic:  8/33       EV: 12    Int: 24    God:    Vehumet [*****.]
Gold:   897        SH:  0    Dex: 23    Spells: 1/40 levels left

rFire   . . .        i - +1 triple crossbow (elec)
rCold   + . .        (shield currently unavailable)
rNeg    . . .        L - +1 leather armour {rC+}
rPois   .            (no helmet)
rElec   .            (no cloak)
rCorr   .            z - +0 pair of gloves
SInv    .            O - +1 pair of boots
Will    +....        (no amulet)
Stlth   ++++         C - ring of wizardry
HPRegen 0.33/turn    t - +6 ring of dexterity
MPRegen 0.23/turn

%: wizardry (x1)
@: no status effects
A: no striking features
a: Renounce Religion


You were on level 9 of the Dungeon.
You worshipped Vehumet.
Vehumet was extremely pleased with you.
You visited 2 branches of the dungeon, and saw 12 of its levels.
You also visited: Sewer, Ice Cave and Volcano.

You collected 897 gold pieces.

Inventory:

Hand Weapons
 i - a +1 triple crossbow of electrocution (weapon)
 K - a +5 great sword of freezing
 M - a +3 morningstar of pain
 T - a +2 longbow of flaming
Missiles
 j - 23 poisoned darts
 B - a throwing net
Armour
 a - a +0 robe
 n - a +0 troll leather armour {Pargi}
 o - an orb of guile
 r - a +1 leather armour of fire resistance
 z - a +0 pair of gloves (worn)
 I - a +0 buckler
 L - a +1 leather armour of cold resistance (worn)
 O - a +1 pair of boots (worn)
 R - a +2 leather armour of fire resistance
 V - a +3 scale mail of fire resistance
 W - the +1 leather armour of Makhleb's Regard {Fly rF++ Will+ Stlth-}
   (You found it on level 2 of the Lair of Beasts)

   rF++:      It greatly protects you from fire.
   Will+:     It increases your willpower.
   Fly:       It grants you flight.
   Stlth-:    It makes you less stealthy.
Magical Staves
 g - a staff of death
 l - the staff of Circularity {rF++ rC- Will+ Conj}
   (You found it on level 3 of the Dungeon)

   [staff of conjuration]

   Base accuracy: +5 Base damage: 5 Base attack delay: 1.2 This weapon's minimum
   attack delay (0.6) is reached at skill level 12.
   rF++:      It greatly protects you from fire.
   rC-:       It makes you vulnerable to cold.
   Will+:     It increases your willpower.
   Conj:      It increases the power of your Conjurations spells.
   It falls into the 'Staves' category.
   It is a one-handed weapon.
Jewellery
 q - a ring of positive energy
 t - a +6 ring of dexterity (right hand)
 C - a ring of wizardry (left hand)
 J - a ring of wizardry
Wands
 v - a wand of digging (6)
 F - a wand of acid (14)
 G - a wand of flame (13)
Scrolls
 c - 2 scrolls of silence
 d - 3 scrolls of noise
 m - 4 scrolls of teleportation
 s - 4 scrolls of fog
 u - 3 scrolls of blinking
 w - a scroll of vulnerability {unknown}
 x - 5 scrolls of fear
 y - a scroll of enchant weapon
 Y - a scroll of acquirement
Potions
 b - 2 potions of magic
 e - a potion of enlightenment {unknown}
 f - 5 potions of curing
 h - 2 potions of haste
 k - a potion of brilliance {unknown}
 p - 4 potions of mutation
 A - 5 potions of ambrosia
 D - a potion of lignification
 E - 3 potions of might
 H - 3 potions of heal wounds
 P - a potion of resistance {unknown}
 Q - 2 potions of degeneration
 X - a potion of berserk rage {unknown}


   Skills:
 - Level 8.0 Fighting
 + Level 5.2 Ranged Weapons
 - Level 2.4 Dodging
 - Level 6.2 Stealth
 - Level 2.1 Shields
 - Level 14.2 Spellcasting
 - Level 10.0 Conjurations
 + Level 1.7 Summonings
 - Level 5.3 Necromancy
 - Level 3.0 Ice Magic
 - Level 4.0 Air Magic
 - Level 10.2 Earth Magic
 - Level 7.6 Alchemy
 - Level 6.5 Evocations


You had one spell level left.
You knew the following spells:

 Your Spells              Type           Power      Damage    Failure   Level
a - Sandblast             Erth           100%       2d20      1%          1
b - Stone Arrow           Conj/Erth      100%       3d13      1%          3
c - Brom's Barrelling Bo  Conj/Erth      60%        2d8       1%          4
d - Mephitic Cloud        Conj/Alch/Air  51%        N/A       1%          3
e - Animate Dead          Necr           42%        N/A       2%          4
f - Irradiate             Conj/Alch      28%        3d21      1%          5
g - Passwall              Erth           60%        N/A       1%          3
h - Iskenderun's Mystic   Conj/Tloc      41%        2d9       1%          4
i - Freezing Cloud        Conj/Ice/Air   22%        6-21      1%          5
j - Spellforged Servitor  Conj/Summ      22%        N/A       36%         7

Your spell library contained the following spells:

 Spells                   Type           Power      Damage    Failure   Level
 Fulminant Prism          Conj/Alch      28%        3d13      1%          4
 Freeze                   Ice            100%       1d10      1%          1
 Necrotise                Necr           100%       1d9       1%          1
 Sting                    Conj/Alch      100%       1d9       1%          1
 Summon Small Mammal      Summ           100%       N/A       1%          1
 Apportation              Tloc           34%        N/A       2%          1
 Ensorcelled Hibernation  Hex/Ice        48%        N/A       1%          2
 Mercury Vapours          Alch/Air       88%        N/A       1%          2
 Scorch                   Fire           34%        2d6       1%          2
 Static Discharge         Conj/Air       100%       3-8/arc   1%          2
 Frozen Ramparts          Ice            62%        1d10      1%          3
 Fugue of the Fallen      Necr           42%        N/A       1%          3
 Hailstorm                Conj/Ice       48%        3d10      1%          3
 Inner Flame              Hex/Fire       17%        N/A       1%          3
 Swiftness                Air            36%        N/A       1%          3
 Airstrike                Air            18%        2d(3-19)  1%          4
 Flame Wave               Conj/Fire      41%        2d11      1%          4
 Petrify                  Alch/Erth      56%        N/A       1%          4
 Iskenderun's Battlesphe  Conj           60%        2d11      1%          5
 Bombard                  Conj/Erth      30%        9d5       1%          6
 Lesser Beckoning         Tloc           34%        N/A       3%          2
 Gell's Gravitas          Tloc           17%        N/A       7%          3
 Teleport Other           Tloc           17%        N/A       7%          3
 Summon Lightning Spire   Summ/Air       30%        N/A       7%          4
 Anguish                  Hex/Necr       14%        N/A       8%          4
 Summon Cactus Giant      Summ           12%        N/A       83%         6
 Haunt                    Necr/Summ      17%        N/A       98%         7
 Ignition                 Fire           8%         3d5       99%         8
 Infestation              Necr           21%        N/A       100%        8


Dungeon Overview and Level Annotations

Branches:
Dungeon (9/15)             Temple (0/1) D:4            Lair (3/5) D:8
  Swamp (0/4) Lair:2        Snake (0/4) Lair:3        Sewer (visited)
  IceCv (visited)         Volcano (visited)
    Orc: D:9-12

Altars:
Cheibriados
Elyvilon
Gozag
Makhleb
Qazlal
Uskayaw
Vehumet
Wu Jian
The Shining One


Message History

Press: ? - help, Dir - move target, f - centaur warrior
Aim: a centaur warrior, wielding a +3 shortbow and quivering stones (severely wounded, ally target, 100% to hit)
You send a boulder barrelling forward!
The boulder barrels into the centaur warrior!
The centaur warrior is almost dead.
Your boulder is destroyed!
The centaur warrior shoots an arrow.
The arrow hits your boulder!
The centaur warrior throws a stone.
The stone hits your boulder!!
Your boulder is destroyed!
Casting: Brom's Barrelling Boulder (safe; 1% risk of failure)
Confirm with . or Enter, or press ? or * to list all spells.
Aiming: Brom's Barrelling Boulder (safe; 1% risk of failure)
Press: ? - help, Dir - move target, f/p - centaur warrior
Aim: a centaur warrior, wielding a +3 shortbow and quivering stones (sparse dust, almost dead, 100% to hit)
You send a boulder barrelling forward!
The centaur warrior throws a stone.
The stone hits your boulder!
The centaur warrior throws a stone.
The stone hits your boulder!
The centaur warrior shoots an arrow.
The arrow hits your boulder!
Your boulder is destroyed!
Casting: Brom's Barrelling Boulder (safe; 1% risk of failure)
Confirm with . or Enter, or press ? or * to list all spells.
Aiming: Brom's Barrelling Boulder (safe; 1% risk of failure)
Press: ? - help, Dir - move target, f/p - centaur warrior
Aim: a centaur warrior, wielding a +3 shortbow and quivering stones (almost dead, 100% to hit)
You send a boulder barrelling forward!
The centaur warrior shoots an arrow.
The arrow hits your boulder!
Unknown command.
The centaur warrior shoots an arrow.
The arrow hits your boulder!!
Your boulder is destroyed!
Casting: Brom's Barrelling Boulder (safe; 1% risk of failure)
Confirm with . or Enter, or press ? or * to list all spells.
Aiming: Brom's Barrelling Boulder (safe; 1% risk of failure)
Press: ? - help, Dir - move target, f/p - centaur warrior
Aim: a centaur warrior, wielding a +3 shortbow and quivering stones (almost dead, 100% to hit)
You send a boulder barrelling forward!
The centaur warrior shoots an arrow.
The arrow hits your boulder!!
The centaur warrior throws a stone.
The stone hits your boulder!!
Your boulder is destroyed!
The centaur warrior shoots an arrow.
The arrow hits you!
You die...

##..##........[...####.#
....##.................#
....##......####.......#
.#..##......# #.#####.#
<#..........# #.# #.#
.#..........# #.# #.#
.#..........# #.# #.#
.#...##.....# #.# #.#
.#...##.....# #@# #.#
.#...##.....# #.# #.#
.#...##.....# #○# #.#
.....##.....# #.# #.#
.....##....|# #.# #.#
.....##.....# #.# #.#
###..##.....# #.# #.# #
#..##.....# #c# #.# #
#.........####.# #.#


You could see a centaur warrior.

Vanquished Creatures
  A catoblepas (Lair:3)
  A hydra (Lair:2)
  A death yak (Lair:2)
  2 deep elf archers (Volcano)
  7 deep elf pyromancers (Volcano)
  2 manticores (Lair:3)
  2 oklob plants
  6 elephants
  4 black mambas
  3 cane toads
  2 rime drakes (Lair:2)
  7 komodo dragons
  A queen bee (Lair:1)
  A polar bear (Lair:3)
  A troll (D:9)
  A tyrant leech (Lair:2)
  2 hornets
  16 blink frogs
  6 dream sheep (Lair:3)
  Grinder (D:3)
  7 fire elementals (Volcano)
  16 yaks
  2 wyverns
  3 basilisks
  4 steam dragons
  2 nagas (Lair:3)
  3 water moccasins
  A great orb of eyes simulacrum (IceCv)
  2 acid dragons (D:9)
  7 hell hounds
  3 orc warriors
  Pargi (D:3)
  A blink frog zombie (Lair:3)
  3 black bears
  A crocodile (Sewer)
  3 wolves (Lair:3)
  6 centaurs
  A phantom (D:6)
  A brain worm (Sewer)
  A kobold brigand (D:9)
  9 bullfrogs
  A gnoll sergeant (D:7)
  A glowing shapeshifter simulacrum (IceCv)
  3 scorpions
  8 wights
  30 killer bees
  3 electric eels
  4 howler monkeys
  A bombardier beetle (D:6)
  4 hounds
  3 jellies
  7 orc priests
  A sleepcap (D:5)
  Natasha (thrice) (D:3)
  7 iguanas
  13 orc wizards
  3 hell rats (Lair:1)
  10 adders
  4 gnolls (D:7)
  2 white imps
  A dart slug (D:1)
  2 ribbon worms
  47 orcs
  12 ball pythons
  15 endoplasms
  8 giant cockroaches
  5 goblins
  5 hobgoblins
  12 jackals
  3 quokkas
  2 bats
  4 frilled lizards
  14 kobolds
  8 rats
390 creatures vanquished.

Vanquished Creatures (collateral kills)
  2 catoblepae (Lair:3)
  An elephant (Lair:3)
  A rime drake (Lair:1)
  A dream sheep (Lair:3)
  3 yaks
  3 nagas (Lair:3)
  A water moccasin (Lair:3)
  3 hell rats (Lair:1)
  2 boulders
17 creatures vanquished.

Vanquished Creatures (others)
  4 blink frog zombies (Lair:3)
  4 yak zombies
  A hell rat zombie (Lair:1)
  7 boulders
16 creatures vanquished.

Grand Total: 423 creatures vanquished

Notes
Turn   | Place    | Note
-------+----------+-------------------------------------------
     0 | D:1      | hikkokomori the Deep Elf Earth Elementalist began the quest
                  | for the Orb.
     0 | D:1      | Reached XP level 1. HP: 10/10 MP: 6/6
    61 | D:1      | Reached XP level 2. HP: 12/16 MP: 2/8
   774 | D:1      | Reached XP level 3. HP: 18/20 MP: 6/10
   778 | D:1      | Learned a level 3 spell: Stone Arrow
  1062 | D:2      | Reached skill level 1 in Fighting
  1641 | D:2      | Found a stormy altar of Qazlal.
  1762 | D:2      | Reached skill level 4 in Spellcasting
  1762 | D:2      | Reached XP level 4. HP: 25/25 MP: 7/12
  1769 | D:2      | Learned a level 4 spell: Brom's Barrelling Boulder
  2115 | D:3      | Noticed Natasha
  2119 | D:3      | Killed Natasha
  2248 | D:3      | Identified the staff of Circularity {rF++ rC- Will+ Conj}
  2281 | D:3      | Reached XP level 5. HP: 27/29 MP: 10/13
  2384 | D:3      | Noticed Grinder
  2389 | D:3      | Killed Grinder
  2390 | D:3      | Reached skill level 5 in Earth Magic
  2390 | D:3      | Reached XP level 6. HP: 34/34 MP: 2/14
  2562 | D:3      | Found a faded altar of an unknown god.
  2682 | D:3      | Noticed Pargi
  2688 | D:3      | Killed Pargi
  2779 | D:3      | Noticed Natasha
  2784 | D:3      | Killed Natasha
  2979 | D:3      | Noticed Natasha
  2983 | D:3      | Killed Natasha
  3266 | D:3      | Found a burning altar of Makhleb.
  3266 | D:3      | Found a snail-covered altar of Cheibriados.
  3266 | D:3      | Found a glowing golden altar of the Shining One.
  3266 | D:3      | Found an opulent altar of Gozag.
  3266 | D:3      | Found an ornate altar of the Wu Jian Council.
  3266 | D:3      | Found a radiant altar of Vehumet.
  3272 | D:3      | Reached skill level 5 in Conjurations
  3289 | D:3      | Reached XP level 7. HP: 38/38 MP: 10/15
  3416 | D:3      | Became a worshipper of Vehumet
  3520 | D:4      | Found a hide-covered altar of Uskayaw.
  3551 | D:4      | Found a white marble altar of Elyvilon.
  3659 | D:4      | Learned a level 3 spell: Mephitic Cloud
  3694 | D:4      | Found a staircase to the Ecumenical Temple.
  3929 | D:4      | Reached skill level 1 in Air Magic
  3929 | D:4      | Reached skill level 1 in Alchemy
  4028 | D:5      | Entered Level 5 of the Dungeon
  4251 | D:5      | Reached * piety under Vehumet
  4251 | D:5      | Offered knowledge of Shock by Vehumet.
  4252 | D:5      | Reached skill level 5 in Spellcasting
  4603 | D:5      | Reached XP level 8. HP: 44/44 MP: 16/18
  4736 | D:5      | Reached skill level 6 in Spellcasting
  5205 | D:6      | Found a glowing drain.
  5214 | Sewer    | Entered a sewer
  5297 | Sewer    | Reached ** piety under Vehumet
  5422 | D:6      | Offered knowledge of Sting by Vehumet.
  5528 | D:6      | Reached skill level 7 in Spellcasting
  5533 | D:6      | Learned a level 4 spell: Animate Dead
  5635 | D:6      | Reached skill level 1 in Necromancy
  5839 | D:6      | Reached XP level 9. HP: 52/52 MP: 18/21
  6093 | D:7      | Reached skill level 1 in Evocations
  6848 | D:7      | Learned a level 5 spell: Irradiate
  6852 | D:7      | Learned a level 3 spell: Passwall
  6870 | D:7      | Reached skill level 8 in Spellcasting
  6957 | D:7      | Offered knowledge of Momentum Strike by Vehumet.
  7360 | D:8      | Reached *** piety under Vehumet
  7460 | D:8      | Reached skill level 5 in Fighting
  7595 | D:8      | Found a staircase to the Lair.
  7881 | D:8      | Reached skill level 9 in Spellcasting
  8152 | D:8      | Reached skill level 5 in Necromancy
  8154 | D:8      | Offered knowledge of Iskenderun's Mystic Blast by Vehumet.
  8217 | D:8      | Reached XP level 10. HP: 57/59 MP: 19/25
  8808 | D:8      | Learned a level 4 spell: Iskenderun's Mystic Blast
  9095 | D:9      | Reached skill level 1 in Shields
  9401 | D:9      | Reached skill level 5 in Alchemy
  9867 | D:9      | Noticed a centaur warrior
  9962 | Lair:1   | Entered Level 1 of the Lair of Beasts
  9969 | Lair:1   | Identified a scroll of acquirement
  9969 | Lair:1   | Acquired a +1 triple crossbow of electrocution
 10026 | Lair:1   | Reached **** piety under Vehumet
 10429 | Lair:1   | Reached XP level 11. HP: 64/64 MP: 22/26
 10791 | Lair:1   | Offered knowledge of Airstrike by Vehumet.
 12186 | Lair:1   | Noticed an oklob plant
 12268 | Lair:1   | Killed an oklob plant
 12461 | Lair:2   | Found a staircase to the Swamp.
 12517 | Lair:2   | Noticed an oklob plant
 12658 | Lair:2   | Found a dark tunnel.
 12708 | Volcano  | Entered a volcano
 12743 | Volcano  | Reached skill level 10 in Spellcasting
 12874 | Volcano  | Noticed a deep elf pyromancer
 12878 | Volcano  | Noticed a deep elf pyromancer
 12880 | Volcano  | Killed a deep elf pyromancer
 12881 | Volcano  | Reached skill level 5 in Stealth
 12950 | Volcano  | Killed a deep elf pyromancer
 13008 | Volcano  | Noticed a deep elf pyromancer
 13016 | Volcano  | Killed a deep elf pyromancer
 13029 | Volcano  | Noticed a deep elf pyromancer
 13072 | Volcano  | Noticed a deep elf pyromancer
 13074 | Volcano  | Killed a deep elf pyromancer
 13075 | Volcano  | Reached skill level 11 in Spellcasting
 13094 | Volcano  | Noticed a deep elf archer
 13177 | Volcano  | Killed a deep elf pyromancer
 13178 | Volcano  | Reached XP level 12. HP: 69/72 MP: 23/29
 13391 | Volcano  | Reached skill level 5 in Evocations
 13998 | Lair:2   | Reached skill level 12 in Spellcasting
 14090 | Lair:2   | Noticed a six-headed hydra
 14094 | Lair:2   | Killed a six-headed hydra
 14214 | Lair:2   | Identified the +1 leather armour of Makhleb's Regard {Fly
                  | rF++ Will+ Stlth-}
 14241 | Lair:2   | Learned a level 5 spell: Freezing Cloud
 14685 | Lair:2   | Noticed a death yak
 14697 | Lair:2   | Killed a death yak
 14822 | Lair:2   | Reached skill level 1 in Ice Magic
 15308 | Lair:3   | Noticed a catoblepas
 15308 | Lair:3   | Noticed a catoblepas
 15434 | Lair:3   | Reached skill level 13 in Spellcasting
 15617 | Lair:3   | Reached ***** piety under Vehumet
 15643 | Lair:3   | Offered knowledge of Fulminant Prism by Vehumet.
 15749 | Lair:3   | Reached skill level 1 in Ranged Weapons
 15801 | Lair:3   | Found a frozen archway.
 15816 | IceCv    | Entered an ice cave
 15896 | IceCv    | Reached XP level 13. HP: 78/78 MP: 28/32
 15918 | IceCv    | Noticed a quicksilver ooze
 16489 | Lair:3   | Identified the +0 plate armour "Haeps" {rN+ Str+3}
 16603 | Lair:3   | Reached skill level 14 in Spellcasting
 16603 | Lair:3   | Reached skill level 10 in Earth Magic
 16797 | Lair:3   | Found a staircase to the Snake Pit.
 16963 | Lair:3   | Reached skill level 10 in Conjurations
 17404 | D:9      | Learned a level 7 spell: Spellforged Servitor
 17570 | D:9      | Reached skill level 1 in Summonings
 17571 | D:9      | Reached skill level 5 in Ranged Weapons
 17707 | D:9      | HP: 1/78 [centaur warrior/arrow (25)]
 17718 | D:9      | Shot with an arrow by a centaur warrior

Illustrated notes

Levels and vault maps discovered:
D:1:      minmay_arrival_four_circles, layout_basic, minmay_crystal_water,
          kennysheep_nondescript, nrook_mini_backslash
D:2:      layout_loops_corners, basic_altar, serial_bayou_pond_c
D:3:      cheibrodos_fertilizer, layout_loops_corners,
          shapermc_ecumenical_altar_petra, minmay_checkerbox, uniq_natasha,
          uniq_grinder, uniq_pargi
D:4:      layout_rooms, mainiacjoe_overflow_large_starburst,
          minmay_temple_entry_tees
D:5:      layout_loops_corners
D:6:      layout_rooms, gup_sewer_entry_bubbles
D:7:      layout_gridville, minmay_misc_feat_tower,
          hangedman_abyss_or_decor_stagger
D:8:      cheibrodos_helix_gallery, layout_loops_corners, lair_entry_dummy
D:9:      layout_long_grid, minmay_joined_circles
Lair:1:   layout_cave_pods, special_room [special_room_bee],
          minmay_lair_oklob_items
Lair:2:   layout_cave_pods, minmay_swamp_entry_worms, enter_volcano_3,
          minmay_shattered_shrine, infiniplex_staircase_pool
Lair:3:   nzn_motion_control, layout_cave_pods,
          minmay_snake_entry_guardpost_medium, portal_ice_cave_entry_pillars_2

Skill      XL: |  1  2  3  4  5  6  7  8  9 10 11 12 13 |
---------------+----------------------------------------+-----
Fighting       | 1 2 3 5 6 7 8 |  8.0
Conjurations   | 2 4 5 7 8 9 10 | 10.0
Earth Magic    | 4 5 6 8 9 10 | 10.2
Spellcasting   | 4 5 7 9 11 13 14 | 14.2
Air Magic      | 2 4 |  4.0
Alchemy        | 2 4 6 7 |  7.6
Necromancy     | 1 5 |  5.3
Evocations     | 4 6 |  6.5
Shields        | 2 |  2.1
Stealth        | 6 |  6.2
Ice Magic      | 3 |  3.0
Ranged Weapons | 2 5 |  5.2
Summonings     | 1 |  1.7
Dodging        | |  2.4

Action                     |  1- 3 |  4- 6 |  7- 9 | 10-12 | 13-15 || total
---------------------------+-------+-------+-------+-------+-------++-------
  Melee: Unarmed           |    37 |       |       |       |       ||    37
         Punch             |     1 |       |       |       |       ||     1
         Staff             |       |       |    14 |     3 |       ||    17
         Great sword       |       |       |       |     5 |       ||     5
   Fire: Orcbow            |       |     9 |       |       |       ||     9
         Triple crossbow   |       |       |       |    54 |    50 ||   104
   Cast: Sandblast         |    59 |    44 |   127 |     4 |       ||   234
         Stone Arrow       |       |     5 |    75 |   273 |    38 ||   391
         Mephitic Cloud    |       |       |     2 |     4 |       ||     6
         Brom's Barrelling |       |       |     2 |     1 |     7 ||    10
         Passwall          |       |       |     1 |     4 |       ||     5
         Animate Dead      |       |       |     1 |     4 |     1 ||     6
         Irradiate         |       |       |       |     6 |       ||     6
         Iskenderun's Myst |       |       |       |     1 |       ||     1
         Freezing Cloud    |       |       |       |     2 |     1 ||     3
  Evoke: Wand              |       |       |       |     8 |     2 ||    10
    Use: Potion            |       |       |     1 |     3 |       ||     4
         Scroll            |       |       |     1 |    22 |     2 ||    25
 Armour: Robe              |    33 |     5 |       |       |       ||    38
         Troll leather arm |       |     2 |    56 |       |       ||    58
         Leather armour    |       |       |     4 |   137 |    32 ||   173
  Dodge: Dodged            |    35 |    13 |    41 |    95 |    21 ||   205
